 Dungeon Crawl Stone Soup version 0.17-a0-737-gf0a300a (webtiles) character file.

33824 topher the Cleaver (level 13, 0/186 HPs)
             Began as a Deep Dwarf Fighter on Apr 24, 2015.
             Was the Champion of Okawaru.
             Succumbed to a swamp dragon's blast of poison
             ... on level 4 of the Swamp on Apr 25, 2015.
             The game lasted 01:52:29 (12719 turns).

topher the Cleaver (Deep Dwarf Fighter)            Turns: 12719, Time: 01:52:30

Health: 0/186      AC: 31    Str: 28      XL:     13   Next: 38%
Magic:  8/8        EV:  2    Int:  8 (10) God:    Okawaru [******]
Gold:   675        SH: 12    Dex: 15 (17) Spells: 0 memorised, 12 levels left

rFire  . . .     SeeInvis .     s - +4 war axe (elec)
rCold  + . .     Clarity  .     (armour currently unavailable)
rNeg   + + +     SustAb   .     c - +0 shield
rPois  +         Gourm    .     (helmet currently unavailable)
rElec  +         Spirit   .     (cloak currently unavailable)
rCorr  .         Warding  .     (gloves currently unavailable)
rMut   .         NoTele   +     (boots currently unavailable)
MR     +++..                    (no amulet)
Stlth  ++++++++..               I - +5 ring of protection
                                W - ring of the Genius {rElec rC+ Dex+5 Slay+5}

@: lethally poisoned (0 -> -19), tree-form, very slightly contaminated,
non-regenerating, hasted, very quick, extremely resistant to hostile
enchantments, extraordinarily stealthy
A: damage resistance, recharge devices, (molten scales 0), deterioration 1,
magic resistance 2, sense surroundings 1, slow healing 3, strong 2
a: Device Recharging, Heroism, Finesse, Renounce Religion


You were on level 4 of the Swamp.
You worshipped Okawaru.
Okawaru was exalted by your worship.
You were not hungry.
You were a tree.
You visited 4 branches of the dungeon, and saw 20 of its levels.
You also visited: Ossuary and Volcano.

You collected 1003 gold pieces.
You spent 328 gold pieces at shops.

Inventory:

Hand weapons
 q - the +10 hunting sling "Vagih" {venom, Int+3 Stlth+}
   (Okawaru gifted it to you on level 1 of the Lair of Beasts)

   It poisons the ammo it fires.
   It affects your intelligence (+3).
   It makes you more stealthy.
 s - a +4 war axe of electrocution (weapon)
 X - the +1 mace of Wiovolur {speed, rF+ Dex+3}
   (You found it on level 1 of the Lair of Beasts)

   Attacks with this weapon are significantly faster.
   It affects your dexterity (+3).
   It protects you from fire.
Missiles
 h - 5 poisoned javelins (quivered)
 M - 4 silver tomahawks
Armour
 c - a +0 shield (worn)
 k - a +0 pair of gloves (melded)
 u - a +3 plate armour (melded)
 D - the +1 robe of Day {rElec MP+9}
   (You found it on level 1 of the Lair of Beasts)

   It insulates you from electricity.
   It affects your magic capacity (+9).
 N - a +1 pair of boots of fire resistance (melded)
 U - a +0 cloak (melded)
Jewellery
 l - an uncursed ring of sustain abilities
 m - a +4 ring of strength
 I - a +5 ring of protection (right branch)
 W - the ring of the Genius (left branch) {rElec rC+ Dex+5 Slay+5}
   (You found it on level 8 of the Dungeon)

   [ring of protection from cold]

   It affects your dexterity (+5).
   It affects your accuracy and damage with ranged weapons and melee attacks
   (+5).
   It protects you from cold.
   It insulates you from electricity.
Magical devices
 a - a wand of fire (0)
 b - a wand of confusion (17)
 e - a wand of heal wounds (0)
 o - a wand of teleportation (0)
 t - a wand of flame (10)
 w - a wand of frost (13)
 A - a wand of digging (7)
 L - a wand of frost (31)
 Q - a wand of flame (14)
 S - a wand of paralysis (0)
 Y - a wand of frost (13)
 Z - a wand of slowing (25)
Scrolls
 p - 10 scrolls of remove curse
 v - a scroll of vulnerability {unknown}
 x - a scroll of blinking
 y - 3 scrolls of magic mapping
 B - 2 scrolls of random uselessness {unknown}
 E - 4 scrolls of fog
 H - 4 scrolls of teleportation
 J - 2 scrolls of noise {unknown}
 P - 3 scrolls of immolation {unknown}
Potions
 d - a potion of might
 g - 4 potions of brilliance
 i - a potion of cancellation
 j - 2 potions of haste
 r - 2 potions of flight {unknown}
 F - 2 potions of agility {unknown}
 G - 4 potions of berserk rage
 K - a potion of ambrosia {unknown}
 R - a potion of poison {unknown}
 V - a potion of lignification
Miscellaneous
 z - a disc of storms
Comestibles
 C - 5 meat rations
 O - 5 royal jellies


   Skills:
 * Level 10.4 Fighting
 + Level 13.5 Axes
 + Level 2.2 Throwing
 + Level 9.7 Armour
 + Level 3.4 Dodging
 * Level 12.7 Stealth
 + Level 9.3 Shields
 + Level 5.1 Evocations


You had 12 spell levels left.
You didn't know any spells.

Dungeon Overview and Level Annotations

Branches:
Dungeon (11/15)            Temple (1/1) D:4            Lair (3/8) D:11
  Swamp (5/5) Lair:3
  Snake: Lair:3-6    Spider: Lair:3-6       Orc: D:9-12

Altars:
Ashenzari
Cheibriados
Dithmenos
Elyvilon
Fedhas
Gozag
Kikubaaqudgha
Makhleb
Nemelex Xobeh
Okawaru
Qazlal
Ru
Sif Muna
Trog
Vehumet
Xom
Yredelemnul
Zin
The Shining One

Shops:
D:7 ?


Innate Abilities, Weirdness & Mutations

You are resistant to damage.
You can recharge devices by infusing magical energy.
You passively map a small area around you.
You do not heal naturally.
((You are partially covered in molten scales (AC +1).))
Your body is slowly deteriorating.
You are highly resistant to hostile enchantments.
Your muscles are very strong. (Str +4)


Message History

Your +0 pair of gloves melds into your body.
Your +1 pair of boots of fire resistance melds into your body.
Your +3 plate armour melds into your body.
You feel less resistant to fire.
Your roots penetrate the ground.
You feel less confused.
* * * LOW HITPOINT WARNING * * *
You feel sick.
The swamp dragon breathes poison at you.
The blast of poison engulfs you!
You are more poisoned.
You resist.
The swamp drake bites you but does no damage.
Eat which item? (? for menu, Esc to quit)
* * * LOW HITPOINT WARNING * * *
You feel sick. You block the swamp drake's attack.
The swamp dragon bites you but does no damage.
The swamp dragon claws you.
The swamp dragon tramples you but does no damage.
You continue eating.
You die...

♣♣♣♣♣♣..♣♣ ≈
♣.≈≈§♣..≈♣♣♣♣ ≈ *
♣......≈♣≈..♣♣♣♣ .,
♣♣≈.....♣/≈...≈♣♣
.♣♣♣♣♣≈≈≈.≈≈^<...≈..≈♣♣
(...≈♣.≈≈.≈≈≈≈≈.≈♣≈...♣♣
≈≈§§...≈.♣§≈.≈≈≈§.≈.≈≈≈♣
≈§§§≈..≈≈..♣≈≈≈§§§..≈≈≈♣
§§§§§♣≈≈..≈..≈§k♣♣♣♣..♣♣
.§♣♣♣♣.≈.♣♣..≈≈Dk♣ ≈,≈♣
.§ *≈P≈.♣..≈..≈♣♣ ≈≈
*♣.≈≈≈.≈≈.♣♣♣♣ ≈ ** ≈♣
*..≈≈≈≈≈≈≈♣ ** .
≈≈≈.≈≈≈≈≈≈ * ≈
≈≈≈≈≈≈≈≈≈≈ * ≈ ≈≈≈≈ ≈ ,
≈ ≈


You could see a swamp dragon and 2 swamp drakes.

Vanquished Creatures
  A thorn hunter (Swamp:3)
  The ghost of SosiskaBagetyon the Spry, a mighty MfGl of Ashenzari (Swamp:5)
  A death ooze (Swamp:5)
  4 hydras
  Erolcha (D:8)
  Harold (Volcano)
  2 alligators
  Nergalle (D:10)
  A swamp dragon (Swamp:4)
  A shambling mangrove (Swamp:5)
  Pikel (D:6)
  2 hill giants
  2 ugly things
  A hornet (Swamp:1)
  Maurice (D:9)
  2 molten gargoyles (Volcano)
  Psyche (D:8)
  A spiny frog (Swamp:5)
  2 orange demons (Swamp:5)
  A komodo dragon (Lair:1)
  4 black mambas
  A large abomination (Swamp:5)
  A queen bee (D:9)
  A giant leech (Swamp:3)
  5 ravens
  2 two-headed ogres
  2 bog bodies
  A slime creature (Swamp:5)
  A deep elf mage (D:9)
  2 spriggans (Swamp:4)
  A trapdoor spider (D:8)
  2 deep elf fighters (Volcano)
  A basilisk (Lair:2)
  A hungry ghost (D:8)
  19 yaks
  2 shadows (Swamp:5)
  The ghost of PolkaDot the Ruffian, an average DrGl (D:4)
  A wraith (D:10)
  4 wolves (Lair:1)
  3 hippogriffs
  14 swamp worms
  A vampire mosquito (Swamp:1)
  3 insubstantial wisps (Swamp:1)
  2 water moccasins
  A porcupine (Lair:1)
  5 orc warriors
  4 swamp drakes
  4 centaurs
  2 sky beasts (D:7)
  2 wasps (Swamp:4)
  4 ice beasts
  4 crocodiles
  7 ogres
  2 jellies
  3 big kobolds
  8 giant frogs
  2 wyvern zombies
  A gnoll sergeant (D:10)
  4 scorpions
  A wyvern skeleton (D:6)
  28 killer bees
  An electric eel (Lair:3)
  2 centaur zombies
  A crimson imp (D:6)
  A giant frog zombie (D:5)
  2 giant frog skeletons
  4 hounds
  A quasit (D:11)
  A gnoll shaman (D:6)
  5 orc priests
  6 worker ants
  4 iguanas
  7 sheep (Lair:2)
  13 mummies (Ossuary)
  A hound skeleton (D:5)
  14 gnolls
  15 adders
  21 river rats
  A shadow imp (D:7)
  An ooze (D:3)
  5 adder skeletons
  2 adder zombies
  30 orcs
  9 giant cockroaches
  13 hobgoblins
  12 jackals
  7 quokkas
  A ball python (D:6)
  19 bats
  A giant gecko skeleton (D:9)
  A giant gecko zombie (D:5)
  A giant newt (D:1)
  2 gnoll skeletons (Ossuary)
  13 goblins
  2 goblin skeletons (Ossuary)
  31 kobolds
  2 kobold skeletons (Ossuary)
  2 orc skeletons (Ossuary)
  22 rats
  11 rat skeletons (Ossuary)
  2 ballistomycetes (D:8)
  14 fungi
  12 plants
500 creatures vanquished.

Vanquished Creatures (others)
  A raven (Swamp:4)
  A slave (D:6)
  A hound (D:6)
  A goblin (D:6)
  A kobold (D:6)
  A giant spore (D:8)
  A fungus (D:11)
7 creatures vanquished.

Grand Total: 507 creatures vanquished

Notes
Turn   | Place    | Note
--------------------------------------------------------------
     0 | D:1      | topher, the Deep Dwarf Fighter, began the quest for the Orb.
     0 | D:1      | Reached XP level 1. HP: 20/20 MP: 1/1
   191 | D:1      | Reached XP level 2. HP: 27/27 MP: 2/2
   232 | D:1      | Reached skill level 1 in Stealth
   679 | D:2      | Found an ancient bone altar of Kikubaaqudgha.
   717 | D:2      | Reached XP level 3. HP: 29/33 MP: 3/3
  1215 | D:2      | Reached XP level 4. HP: 29/42 MP: 4/4
  1365 | D:3      | Reached skill level 1 in Dodging
  1365 | D:3      | Reached skill level 4 in Shields
  1566 | D:3      | Reached XP level 5. HP: 42/49 MP: 5/5
  2195 | D:4      | Reached XP level 6. HP: 44/56 MP: 6/6
  2358 | D:4      | Noticed PolkaDot's ghost (average DrGl)
  2376 | D:4      | Killed PolkaDot's ghost
  2376 | D:4      | Reached skill level 5 in Axes
  2395 | D:4      | Found a sand-covered staircase.
  2402 | Ossuary  | Entered an ossuary
  2453 | Ossuary  | Reached XP level 7. HP: 43/62 MP: 7/7
  2864 | D:4      | Found a staircase to the Ecumenical Temple.
  2870 | Temple   | Entered the Ecumenical Temple
  2974 | Temple   | Became a worshipper of Warmaster Okawaru
  3328 | D:4      | Reached skill level 6 in Axes
  3378 | D:5      | Entered Level 5 of the Dungeon
  3641 | D:5      | Reached skill level 1 in Evocations
  3707 | D:5      | Reached XP level 8. HP: 56/73 MP: 8/8
  4097 | D:5      | Acquired Okawaru's first power
  4097 | D:5      | Reached skill level 7 in Axes
  4097 | D:5      | Reached skill level 5 in Stealth
  4173 | D:5      | Reached skill level 5 in Shields
  4691 | D:6      | Reached skill level 5 in Armour
  4699 | D:6      | Reached skill level 5 in Fighting
  4709 | D:6      | Found an iron altar of Okawaru.
  4809 | D:6      | Noticed Pikel
  4835 | D:6      | Killed Pikel
  4835 | D:6      | Reached skill level 8 in Axes
  4835 | D:6      | Gained mutation: You passively map the area around you. [Deep Dwarf growth]
  4835 | D:6      | Reached XP level 9. HP: 51/81 MP: 10/10
  5024 | D:6      | Found a shattered altar of Ashenzari.
  5411 | D:7      | Gained mutation: Your muscles are strong. (Str +2) [mutagenic meat]
  5412 | D:7      | Gained mutation: Your muscles are very strong. (Str +4) [mutagenic meat]
  5415 | D:7      | Gained mutation: You are resistant to hostile enchantments. [mutagenic meat]
  5416 | D:7      | Gained mutation: You are partially covered in molten scales (AC +1). [mutagenic meat]
  5585 | D:7      | Reached skill level 9 in Axes
  5626 | D:7      | Found Xuhi Pet's Magic Scroll Emporium.
  5632 | D:7      | Bought a scroll of identify for 32 gold pieces
  5632 | D:7      | Bought a scroll of identify for 32 gold pieces
  5632 | D:7      | Bought a scroll of identify for 32 gold pieces
  5632 | D:7      | Bought a scroll of remove curse for 48 gold pieces
  5632 | D:7      | Bought a scroll of remove curse for 48 gold pieces
  5632 | D:7      | Bought a scroll of identify for 32 gold pieces
  5632 | D:7      | Bought a scroll of magic mapping for 56 gold pieces
  5632 | D:7      | Bought a scroll of remove curse for 48 gold pieces
  6411 | D:8      | Got a twitching granite ring
  6413 | D:8      | Identified the ring of the Genius {rElec rC+ Dex+5 Slay+5} (You found it on level 8 of the Dungeon)
  6633 | D:8      | Noticed Erolcha
  6637 | D:8      | Killed Erolcha
  6637 | D:8      | Reached skill level 10 in Axes
  6637 | D:8      | Reached XP level 10. HP: 89/92 MP: 12/12
  6709 | D:8      | Noticed Psyche
  6715 | D:8      | Killed Psyche
  7484 | D:9      | Acquired Okawaru's second power
  7504 | D:9      | Noticed Maurice
  7513 | D:9      | Killed Maurice
  7513 | D:9      | Reached skill level 11 in Axes
  8140 | D:10     | Entered Level 10 of the Dungeon
  8315 | D:10     | Noticed Nergalle
  8324 | D:10     | Killed Nergalle
  8324 | D:10     | Reached XP level 11. HP: 94/100 MP: 12/12
  8524 | D:10     | Noticed a hill giant
  8530 | D:10     | Killed a hill giant
  8530 | D:10     | Received a gift from Okawaru
  8914 | D:10     | Reached skill level 1 in Throwing
  9259 | D:11     | Found a staircase to the Lair.
  9319 | D:11     | Noticed a hill giant
  9329 | D:11     | Killed a hill giant
  9329 | D:11     | Reached skill level 12 in Axes
  9427 | D:11     | Gained mutation: Your body is slowly deteriorating. [mutagenic meat]
  9428 | D:11     | Gained mutation: You are highly resistant to hostile enchantments. [mutagenic meat]
  9545 | Lair:1   | Entered Level 1 of the Lair of Beasts
  9716 | Lair:1   | Received a gift from Okawaru
  9717 | Lair:1   | Got a warped hunting sling {god gift}
  9719 | Lair:1   | Identified the +10 hunting sling "Vagih" {venom, Int+3 Stlth+} (Okawaru gifted it to you on level 1 of the Lair of Beasts)
  9732 | Lair:1   | Got a scorched mace
  9733 | Lair:1   | Identified the +1 mace of Wiovolur {speed, rF+ Dex+3} (You found it on level 1 of the Lair of Beasts)
  9807 | Lair:1   | Reached skill level 10 in Stealth
  9863 | Lair:1   | Noticed an eight-headed hydra
  9882 | Lair:1   | Killed a 14-headed hydra
 10097 | Lair:1   | Got a colourful robe
 10108 | Lair:1   | Identified the +1 robe of Day {rElec MP+9} (You found it on level 1 of the Lair of Beasts)
 10346 | Lair:2   | Received a gift from Okawaru
 10657 | Lair:2   | Reached XP level 12. HP: 88/112 MP: 13/13
 11351 | Lair:3   | Found a dark tunnel.
 11357 | Volcano  | Entered a volcano
 11421 | Volcano  | Found a bloodstained altar of Trog.
 11421 | Volcano  | Noticed Harold
 11432 | Volcano  | Killed Harold
 11950 | Lair:3   | Found a staircase to the Swamp.
 11972 | Swamp:1  | Entered Level 1 of the Swamp
 11978 | Swamp:1  | Reached skill level 13 in Axes
 12033 | Swamp:1  | Noticed a seven-headed hydra
 12049 | Swamp:1  | Killed a nine-headed hydra
 12127 | Swamp:3  | Noticed a thorn hunter
 12140 | Swamp:3  | Killed a thorn hunter
 12218 | Swamp:5  | Entered Level 5 of the Swamp
 12218 | Swamp:5  | Noticed a six-headed hydra
 12219 | Swamp:5  | Noticed a white very ugly thing
 12220 | Swamp:5  | Noticed a green death
 12224 | Swamp:5  | Noticed SosiskaBagetyon's ghost (mighty MfGl)
 12226 | Swamp:5  | Noticed a death ooze
 12230 | Swamp:5  | Killed a 12-headed hydra
 12230 | Swamp:5  | Received a gift from Okawaru
 12234 | Swamp:5  | Killed a death ooze
 12237 | Swamp:5  | Reached skill level 10 in Fighting
 12237 | Swamp:5  | Reached XP level 13. HP: 46/123 MP: 14/14
 12238 | Swamp:5  | Noticed an eight-headed hydra
 12241 | Swamp:5  | Noticed a green death
 12244 | Swamp:5  | Noticed a hell beast
 12246 | Swamp:5  | Noticed a death ooze
 12365 | Swamp:5  | Noticed a five-headed hydra
 12371 | Swamp:5  | Noticed a seven-headed hydra
 12396 | Swamp:5  | HP: 6/123 [ten-headed hydra (5)]
 12433 | Swamp:4  | Reached skill level 5 in Evocations
 12466 | Swamp:4  | Killed a 19-headed hydra
 12504 | Swamp:5  | Killed SosiskaBagetyon's ghost
 12716 | Swamp:4  | HP: 4/124 [poisoned by a swamp dragon (poison gas)]
 12719 | Swamp:4  | Succumbed to a swamp dragon's blast of poison

Action                   |  1- 3 |  4- 6 |  7- 9 | 10-12 | 13-15 || total
-------------------------+-------+-------+-------+-------+-------++-------
Melee: War axe           |   132 |   146 |   376 |   506 |   128 ||  1288
Throw: Tomahawk          |       |       |     2 |     4 |       ||     6
       Javelin           |       |       |       |    22 |       ||    22
 Abil: Device Recharging |       |       |       |     2 |     6 ||     8
Evoke: Wand              |       |     2 |    24 |    37 |    34 ||    97
  Use: Potion            |       |     3 |     6 |     9 |    10 ||    28
       Scroll            |       |       |    12 |    24 |     7 ||    43
 Stab: Paralysed         |       |       |       |    14 |       ||    14
  Eat: Bread ration      |       |     2 |     1 |     2 |       ||     5
       Pizza             |       |       |     2 |     1 |       ||     3
       Chunk             |       |       |    12 |     5 |       ||    17
       Beef jerky        |       |       |       |     2 |       ||     2
       Royal jelly       |       |       |       |     1 |     1 ||     2
